 Dungeon Crawl Stone Soup version 0.29.1-12-g30fa7ad0bf (webtiles) character file.

Game seed: 16085425102964996518

7736 retardedninja the Fighter (level 11, -6/101 HPs)
             Began as a Minotaur Fighter on Jan 5, 2023.
             Was an Initiate of Gozag.
             Mangled by a spatial maelstrom (10 damage)
             ... on level 5 of the Abyss.
             The game lasted 00:16:19 (9667 turns).

retardedninja the Fighter (Minotaur Fighter)        Turns: 9667, Time: 00:16:19

Health: -6/101     AC: 22    Str: 22 (24) XL:     11   Next: 0%
Magic:  0/10       EV:  7    Int:  4 (5)  God:    Gozag
Gold:   372        SH:  6    Dex:  8 (11) Spells: 10/10 levels left

rFire   . . .      SeeInvis +   z - +9 war axe of Spite {vorpal, SInv}
rCold   . . .      Faith    .   c - +0 buckler
rNeg    . . .      Spirit   +   x - +3 plate armour
rPois   .          Reflect  .   u - +2 hat
rElec   .          Harm     .   b - +0 cloak {Will+}
rCorr   .          Rampage  .   j - +0 pair of gloves
Will    +....                   (no boots)
Stlth   ..........              E - amulet of guardian spirit
HPRegen 0.26/turn               (no ring)
MPRegen 0.12/turn               (no ring)

@: no status effects
A: horns 2, retaliatory headbutt
a: Renounce Religion, Potion Petition, Call Merchant, Bribe Branch


You were on level 5 of the Abyss.
You worshipped Gozag.
Gozag was aware of your devotion.
You visited 2 branches of the dungeon, and saw 10 of its levels.
You visited the Abyss 2 times.
You also visited: Sewer.

You collected 813 gold pieces.
You paid 441 gold pieces to Gozag.

Inventory:

Hand Weapons
 q - the +10 dark maul {vorpal}
   (You found it in a sewer)

   It inflicts extra damage upon your enemies.
 z - the +9 war axe of Spite (weapon) {vorpal, SInv}
   (You found it on level 5 of the Dungeon)

   It inflicts extra damage upon your enemies.
   SInv:      It lets you see invisible.
Armour
 b - a +0 cloak of willpower (worn)
 c - a +0 buckler (worn)
 j - a +0 pair of gloves (worn)
 u - a +2 hat (worn)
 x - a +3 plate armour (worn)
Jewellery
 B - a ring of protection from fire
 E - an amulet of guardian spirit (around neck)
 F - an amulet of magic regeneration
Wands
 a - a wand of mindburst (35)
 d - a wand of iceblast (21) (quivered)
 y - a wand of flame (65)
Scrolls
 f - 2 scrolls of poison
 i - a scroll of enchant armour
 l - 2 scrolls of enchant weapon
 m - 3 scrolls of vulnerability
 p - 2 scrolls of amnesia
 r - 3 scrolls of magic mapping
 v - 3 scrolls of identify
 G - 3 scrolls of summoning {unknown}
Potions
 e - a potion of haste {unknown}
 g - 3 potions of degeneration
 k - a potion of resistance {unknown}
 s - 3 potions of attraction
 w - 2 potions of lignification
 C - a potion of mutation {unknown}


   Skills:
 + Level 10.9 Fighting
 + Level 10.5 Axes
 + Level 10.8 Armour
 + Level 10.7 Shields


You had 10 spell levels left.
You didn't know any spells.
Your spell library contained the following spells:

 Spells                   Type           Power      Damage    Failure   Level
 Apportation              Tloc           0%         N/A       100%        1
 Beastly Appendage        Tmut           0%         N/A       100%        1
 Passwall                 Tmut/Erth      0%         N/A       100%        2
 Wereblood                Tmut           0%         N/A       100%        2
 Frozen Ramparts          Ice            0%         1d1       100%        3
 Ozocubu's Armour         Ice            0%         N/A       100%        3
 Spider Form              Tmut/Pois      0%         N/A       100%        3
 Animate Armour           Summ/Erth      0%         N/A       100%        4
 Ice Form                 Ice/Tmut       0%         N/A       100%        4
 Summon Ice Beast         Ice/Summ       0%         N/A       100%        4
 Alistair's Intoxication  Tmut/Pois      0%         N/A       100%        5
 Metabolic Englaciation   Hex/Ice        0%         N/A       100%        5
 Iron Shot                Conj/Erth      0%         9d1       100%        6
 Simulacrum               Ice/Necr       Unusable   N/A       N/A         6

Dungeon Overview and Level Annotations

Branches:
Dungeon (9/15)             Temple (1/1) D:7           Sewer (visited)
   Lair: D:8-11         Orc: D:9-12

Altars:
Ashenzari
Cheibriados
Dithmenos
Elyvilon
Fedhas
Gozag
Hepliaklqana
Kikubaaqudgha
Nemelex Xobeh
Okawaru
Qazlal
Ru
Sif Muna
Trog
Uskayaw
Vehumet
Wu Jian
Xom
Yredelemnul
Zin
The Shining One

Shops:
D:3 *   D:7 :   D:8 *

Annotations:
D:9 Erolcha


Innate Abilities, Weirdness & Mutations

You have a pair of horns on your head.
You reflexively headbutt those who attack you in melee.


Message History

The swamp dragon bites you but does no damage.
The swamp dragon barely misses you. x2; The blink frog blinks! x2
Found a gateway leading deeper into the Abyss.
You are suddenly pulled into a different region of the Abyss!
The abyss shimmers again as the detected abyssal rune vanishes from your memory.
A mad acolyte of Lugonu comes into view.
It is wielding a +1 dagger of distortion.
The mad acolyte of Lugonu shouts!
Blink to where?
Press: ? - help, Dir - move target
As you read the scroll of blinking, it crumbles to dust.
It was a potion of cancellation.
You feel magically purged.
The spatial maelstrom attacks as you move away!
The spatial maelstrom completely misses you.
The spatial maelstrom hits you!
* * * LOW HITPOINT WARNING * * *
Space warps horribly around you!
* * * LOW HITPOINT WARNING * * *
The spatial maelstrom hits you.
* * * LOW HITPOINT WARNING * * *
You blink.
Unknown command.
You enter the shallow water.
Moving in this stuff is going to be slow.
The ynoxinul bellows!
The spatial maelstrom barely misses you.
The spatial maelstrom hits you but does no damage.
The spatial maelstrom attacks as you move away!
The spatial maelstrom hits you but does no damage.
The spatial maelstrom hits you.
* * * LOW HITPOINT WARNING * * *
You enter the shallow water.
Moving in this stuff is going to be slow.
The spatial maelstrom hits you but does no damage.
The spatial maelstrom hits you.
* * * LOW HITPOINT WARNING * * *
Space warps around you.
* * * LOW HITPOINT WARNING * * *
The spatial maelstrom hits you!
You die...
Your body crumbles into a pile of gold.

..##. #.#.. ###.#.# ###.
###.....###....
...#....#.....
#.#...♣≈......# ..
#..♣~~~~....
#.##@~≈~~~≈.#.
##.##v~≈~~≈..# . . .
##.#...~≈♣~~.#. . ##.##
#...#3...~~~..~ ...## .
# #..#.......~~~~
..#.....#..##.....#..≈~~
#... ....#.x#..###.~#.
#. ...# ..#...## ~~≈~
#...# #....#..## ..~


You could see a spatial maelstrom.

Vanquished Creatures
  A tentacled starspawn (Abyss:2)
  An entropy weaver (Abyss:5)
  A two-headed ogre (D:7)
  Maurice (D:8)
  5 yaks
  Eustachio (D:5)
  3 acid dragons
  2 water moccasins
  3 orc warriors
  An ice beast (D:7)
  A sky beast (D:5)
  2 ogres
  4 centaurs
  A phantom (D:5)
  3 kobold brigands
  4 gnoll sergeants
  4 bullfrogs
  2 scorpions
  2 necrophages (D:5)
  9 wights
  5 killer bees (D:8)
  A howler monkey (D:7)
  3 jellies
  4 orc priests
  4 hounds (D:5)
  3 iguanas (D:5)
  An iron imp (Abyss:1)
  Crazy Yiuf (D:5)
  Natasha (thrice) (D:2)
  2 orc wizards (D:8)
  Robin (D:2)
  15 gnolls
  11 adders
  A shadow imp (D:6)
  A white imp (D:6)
  2 ufetubi
  A worm (D:2)
  3 dart slugs
  22 orcs
  6 bats
  16 endoplasms
  13 giant cockroaches
  12 goblins
  6 hobgoblins
  9 quokkas
  16 ball pythons
  7 frilled lizards
  14 kobolds
  6 rats
  A starspawn tentacle (Abyss:2)
241 creatures vanquished.

Vanquished Creatures (others)
  A plant (D:8)
  2 starspawn tentacles (Abyss:2)
3 creatures vanquished.

Grand Total: 244 creatures vanquished

Notes
Turn   | Place    | Note
-------+----------+-------------------------------------------
     0 | D:1      | retardedninja the Minotaur Fighter began the quest for the
                  | Orb.
     0 | D:1      | Reached XP level 1. HP: 19/19 MP: 0/0
   171 | D:1      | Reached XP level 2. HP: 27/27 MP: 1/1
   596 | D:1      | Reached XP level 3. HP: 31/33 MP: 2/2
  1087 | D:2      | Noticed Robin
  1102 | D:2      | Killed Robin
  1103 | D:2      | Reached XP level 4. HP: 27/41 MP: 3/3
  1154 | D:2      | Noticed Natasha
  1159 | D:2      | Killed Natasha
  1546 | D:2      | Noticed Natasha
  1551 | D:2      | Killed Natasha
  1552 | D:2      | Reached XP level 5. HP: 47/47 MP: 4/4
  1613 | D:2      | Noticed Natasha
  1618 | D:2      | Killed Natasha
  1766 | D:3      | Found Pulif Vilifi's Assorted Antiques.
  1810 | D:3      | Found a glowing drain.
  1827 | Sewer    | Entered a sewer
  1926 | Sewer    | Reached skill level 5 in Fighting
  2037 | Sewer    | Reached skill level 5 in Armour
  2166 | Sewer    | Reached skill level 5 in Shields
  2319 | Sewer    | Found the +10 dark maul {vorpal}
  2328 | Sewer    | Reached XP level 6. HP: 44/56 MP: 5/5
  2431 | D:3      | Found a faded altar of an unknown god.
  3379 | D:4      | Identified the +4 quarterstaff "Dragon's Funeral" {vorpal,
                  | rF+ Int+3}
  3521 | D:5      | Entered Level 5 of the Dungeon
  3536 | D:5      | Noticed Eustachio
  3560 | D:5      | Killed Eustachio
  3561 | D:5      | Reached skill level 5 in Axes
  3561 | D:5      | Reached XP level 7. HP: 53/63 MP: 6/6
  3748 | D:5      | Identified the +9 war axe of Spite {vorpal, SInv}
  3890 | D:5      | Reached XP level 8. HP: 55/71 MP: 7/7
  4049 | D:5      | Found a runed translucent door.
  4050 | D:5      | Noticed Crazy Yiuf
  4337 | D:5      | Found a shadowy altar of Dithmenos.
  4441 | D:5      | Killed Crazy Yiuf
  4518 | D:6      | Found a stormy altar of Qazlal.
  4606 | D:6      | Found a shimmering blue altar of Sif Muna.
  5464 | D:6      | Found a hazy altar of Hepliaklqana.
  6155 | D:7      | Reached XP level 9. HP: 81/81 MP: 8/8
  6164 | D:7      | Noticed a two-headed ogre
  6172 | D:7      | Killed a two-headed ogre
  6297 | D:7      | Found Tairoime's Book Boutique.
  6310 | D:7      | Got the Quarto of Stones
  6603 | D:7      | Identified the +0 scale mail of the Thirsty Knives {Dex+3
                  | Stlth+}
  6619 | D:7      | Found a staircase to the Ecumenical Temple.
  6739 | Temple   | Entered the Ecumenical Temple
  6840 | Temple   | Became a worshipper of Gozag Ym Sagoz the Greedy
  7642 | D:8      | Noticed Maurice
  7647 | D:8      | Killed Maurice
  7750 | D:8      | Reached XP level 10. HP: 91/91 MP: 9/9
  8527 | D:8      | Found Erphimet's Assorted Antiques.
  8704 | D:9      | Reached skill level 10 in Fighting
  8708 | D:9      | Reached skill level 10 in Armour
  8711 | D:9      | Reached skill level 10 in Shields
  9348 | D:9      | Noticed Erolcha
  9354 | Abyss:1  | Cast into level 1 of the Abyss (Erolcha)
  9438 | Abyss:1  | Noticed a starcursed mass
  9467 | Abyss:1  | Noticed a smoke demon
  9476 | Abyss:1  | Reached skill level 10 in Axes
  9510 | Abyss:1  | Noticed a smoke demon
  9514 | Abyss:2  | Noticed a tentacled starspawn
  9528 | Abyss:2  | Killed a tentacled starspawn
  9533 | Abyss:3  | Noticed a purple draconian
  9533 | Abyss:3  | Noticed a Hell Sentinel
  9540 | Abyss:3  | HP: 2/94 [Hell Sentinel/damnation (26)]
  9541 | Abyss:4  | Found a corrupted altar of Lugonu.
  9568 | D:9      | Escaped the Abyss
  9591 | Abyss:5  | Noticed an entropy weaver
  9591 | Abyss:5  | Cast into level 5 of the Abyss (Erolcha)
  9603 | Abyss:5  | Killed an entropy weaver
  9604 | Abyss:5  | Reached XP level 11. HP: 47/101 MP: 4/10
  9636 | Abyss:5  | Noticed a swamp dragon
  9651 | Abyss:5  | Noticed a mad acolyte of Lugonu
  9654 | Abyss:5  | Noticed a spatial maelstrom
  9666 | Abyss:5  | HP: 5/101 [spatial maelstrom (4)]
  9667 | Abyss:5  | Mangled by a spatial maelstrom

Illustrated notes

Levels and vault maps discovered:
D:1:      dpeg_arrival_orchard, layout_loops_ring
D:2:      layout_basic, hangedman_decor_riveting, uniq_robin, uniq_natasha
D:3:      layout_rooms, ebering_ecumenical_altar_sacrificial, serial_shops,
          shop, portal_sewer_entry_b, minmay_misc_feat_alley, roderic_lattice_a
D:4:      layout_rooms, serial_curves, eino_curves_02, eino_curves_01
D:5:      layout_basic, mainiacjoe_overflow_alcove_1, st_stairs_13,
          uniq_crazy_yiuf_cottage, uniq_eustachio
D:6:      layout_basic, mainiacjoe_overflow_large_starburst,
          mainiacjoe_overflow_surrounded_room
D:7:      layout_basic, minmay_temple_entry_statues_fountains, serial_shops,
          nicolae_stop_n_shop_2, nicolae_elevator_lobby_plus
D:8:      wad_cavern_with_rooms, layout_cave_pods, serial_shops, shop,
          uniq_maurice
D:9:      layout_stronghold, nicolae_take_the_stairs, uniq_erolcha
Temple:   minmay_temple_bridge_d
Abyss:5:  base: D:8, nicolae_abyss_rune_left_handed, evilmike_abyss_exit_8,
          base: D:7, evilmike_abyss_rune_siren_acolytes

Skill      XL: |  1  2  3  4  5  6  7  8  9 10 |
---------------+-------------------------------+-----
Fighting       | 4 5 6 8 9 10 | 10.9
Shields        | 4 5 6 7 9 10 | 10.7
Armour         | 4 5 6 8 9 10 | 10.8
Axes           | 3 4 5 6 7 9 10 | 10.5

Action                   |  1- 3 |  4- 6 |  7- 9 | 10-12 || total
-------------------------+-------+-------+-------+-------++-------
Melee: War axe           |    72 |   194 |   148 |    87 ||   501
       Headbutt          |     6 |    15 |    19 |    14 ||    54
Invok: Potion Petition   |       |       |       |     1 ||     1
Evoke: Wand              |       |       |     4 |     2 ||     6
  Use: Scroll            |       |     9 |    13 |     4 ||    26
       Potion            |       |     1 |     2 |     6 ||     9
 Stab: Distracted        |       |       |     1 |       ||     1
Armor: Scale mail        |    26 |    91 |       |       ||   117
       Plate armour      |       |    21 |   102 |    91 ||   214
       Chain mail        |       |    15 |       |       ||    15
Dodge: Dodged            |    31 |    99 |    47 |    48 ||   225
Block: Buckler           |    22 |    62 |    42 |    43 ||   169
